 Dungeon Crawl Stone Soup version 0.19-a0-1856-g32653aa (webtiles) character file.

112 tb0li the Cudgeler (level 4, 0/35 HPs)
             Began as a Demonspawn Fighter on Oct 11, 2016.
             Slain by an orc priest
             ... wielding a +0 club
              (3 damage)
             ... on level 3 of the Dungeon.
             The game lasted 00:03:15 (1999 turns).

tb0li the Cudgeler (Demonspawn Fighter)             Turns: 1999, Time: 00:03:15

Health: 0/35       AC:  6    Str: 18    XL:     4   Next: 64%
Magic:  0/4        EV:  7    Int:  9    God:
Gold:   68         SH:  9    Dex: 14    Spells: 0 memorised, 3 levels left

rFire  . . .     SeeInvis .     e - +1 hand axe (freeze)
rCold  . . .     Gourm    .     b - +0 scale mail
rNeg   . . .     Faith    .     c - +0 shield
rPois  .         Spirit   +     (no helmet)
rElec  .         Dismiss  .     (no cloak)
rCorr  .         Reflect  .     (no gloves)
MR     .....     Harm     .     (no boots)
Stlth  +.........               (no amulet)
                                (no ring)
                                (no ring)

@: no status effects
A: claws 1, thin skeletal structure 1, magic shield
a: no special abilities


You were on level 3 of the Dungeon.
You were not hungry.

You visited 1 branch of the dungeon, and saw 3 of its levels.

You collected 68 gold pieces.

Inventory:

Hand Weapons
 a - a +0 flail
 e - a +1 hand axe of freezing (weapon)
 l - a +1 spear of freezing
Armour
 b - a +0 scale mail (worn)
 c - a +0 shield (worn)
Scrolls
 g - a scroll of identify {unknown}
 h - a scroll of noise {unknown}
 i - 2 scrolls of magic mapping {unknown}
 k - a scroll of teleportation {unknown}
 m - a scroll of recharging {unknown}
 o - a scroll of fog {unknown}
 p - a scroll of fear {unknown}
 q - a scroll of remove curse {unknown}
Potions
 d - a potion of might
Comestibles
 f - 3 bread rations
 j - 3 chunks of flesh
 n - 6 fruits


   Skills:
 - Level 3.0 Fighting
 + Level 4.4 Maces & Flails
 - Level 2.6 Armour
 - Level 2.6 Shields


You had 3 spell levels left.
You didn't know any spells.

Dungeon Overview and Level Annotations

Branches:
Dungeon (3/15)

Altars:


Innate Abilities, Weirdness & Mutations

You have sharp fingernails.
You have a somewhat thin skeletal structure. (Dex +2, Stealth)
When hurt, damage is shared between your health and your magic reserves.


Message History

You are too injured to fight recklessly!
You are too injured to fight recklessly!
You are too injured to fight recklessly!
You are too injured to fight recklessly!
You are too injured to fight recklessly!
You are too injured to fight recklessly!
You are too injured to fight recklessly!
You are too injured to fight recklessly!
You are too injured to fight recklessly!
Your shield prevents you from hitting the orc priest.
The orc priest is severely wounded.
The orc priest mumbles some strange prayers to Beogh against you.
Beogh smites you!
* * * LOW HITPOINT WARNING * * *
You closely miss the orc priest.
The orc priest is severely wounded.
The orc priest hits you with a club.
* * * LOW HITPOINT WARNING * * *
The orc priest hits you with a club.
You die...

### ..#
#.# #.#
#.# #o#
#o# #@#
#.#
#.######
#....<.#
########


You could see an orc priest and an orc.

Vanquished Creatures
  5 adders (D:2)
  3 oozes (D:2)
  2 worms (D:2)
  A dart slug (D:1)
  2 orcs (D:3)
  2 ball pythons (D:1)
  A giant cockroach (D:1)
  6 goblins
  6 hobgoblins
  9 bats
  2 frilled lizards (D:1)
  A kobold (D:2)
  10 rats
50 creatures vanquished.

Notes
Turn   | Place    | Note
-------+----------+-------------------------------------------
     0 | D:1      | tb0li the Demonspawn Fighter began the quest for the Orb.
     0 | D:1      | Reached XP level 1. HP: 18/18 MP: 1/1
   129 | D:1      | Reached skill level 2 in Maces & Flails
   170 | D:1      | Gained mutation: When hurt, damage is shared between your health and your magic reserves. [demonic ancestry]
   170 | D:1      | Reached XP level 2. HP: 21/24 MP: 2/2
   528 | D:1      | Reached skill level 3 in Maces & Flails
   609 | D:2      | Gained mutation: You have sharp fingernails. [demonic ancestry]
   609 | D:2      | Reached XP level 3. HP: 25/29 MP: 3/3
   687 | D:2      | HP: 1/29 [poisoned by an adder]
  1449 | D:2      | Reached skill level 4 in Maces & Flails
  1449 | D:2      | Gained mutation: You have a somewhat thin skeletal structure. (Dex +2, Stealth) [demonic ancestry]
  1449 | D:2      | Reached XP level 4. HP: 22/35 MP: 1/4
  1999 | D:3      | Slain by an orc priest

Vault maps used:
D:1:      lightli_arrival_windingriver
D:2:      minmay_hexomino_p4
D:3:      first_bread, cheibrodos_gnoll_hut, uniq_robin

Skill      XL: |  1  2  3 |
---------------+----------+-----
Maces & Flails | 2 3 4 |  4.4
Fighting       | |  3.0
Armour         | |  2.6
Shields        | |  2.6

Action                   |  1- 3 |  4- 6 || total
-------------------------+-------+-------++-------
Melee: Flail             |    28 |       ||    28
       Hand axe          |    69 |    40 ||   109
  Eat: Chunk             |     2 |     2 ||     4
Armor: Scale mail        |    38 |    17 ||    55
Dodge: Dodged            |    30 |     7 ||    37
Block: Shield            |    53 |    20 ||    73
